 Dungeon Crawl Stone Soup version 0.28-a0-850-g09de17f5b5 (webtiles) character file.

Game seed: 14600957441099323921

7588 wakim the Arsonist (level 10, -1/86 HPs)
             Began as a Purple Draconian Fire Elementalist on Nov 12, 2021.
             Was a Believer of Sif Muna.
             Engulfed by a cloud of flame (11 damage)
             ... on level 10 of the Dungeon on Nov 13, 2021.
             The game lasted 00:42:08 (12737 turns).

wakim the Arsonist (DrFE)                          Turns: 12737, Time: 00:42:09

Health: -1/86      AC: 13    Str: 10    XL:     10   Next: 97%
Magic:  6/19       EV: 27    Int: 19    God:    Sif Muna [**....]
Gold:   384        SH:  0    Dex: 12    Spells: 8/21 levels left

rFire   + + .      SeeInvis .   b - +4 scimitar (flame)
rCold   . . .      Faith    .   (no shield)
rNeg    . . .      Spirit   .   (armour unavailable)
rPois   .          Reflect  .   (helmet restricted)
rElec   .          Harm     .   s - scarf {rC+ rF+}
rCorr   .          Rampage  .   j - +0 pair of gloves
Will    +....                   p - +0 pair of boots
Stlth   ++........              g - amulet of the acrobat
HPRegen 0.24/turn               k - ring of fire
MPRegen 0.16/turn               e - +4 ring of protection

@: acrobatic, slowed, very slow
A: breathe power, AC +7, unfitting armour, cold-blooded
a: Breathe Dispelling Energy, Renounce Religion, Channel Magic


You were on level 10 of the Dungeon.
You worshipped Sif Muna.
Sif Muna was pleased with you.
You visited 2 branches of the dungeon, and saw 11 of its levels.

You collected 442 gold pieces.
You spent 58 gold pieces at shops.

Inventory:

Hand Weapons
 a - the +4 spear "Orb Guardian's Doom" {venom, Dex+3}
   (You found it on level 6 of the Dungeon)

   It poisons the flesh of those it strikes.
   Dex:       It affects your dexterity (+3).
 b - a +4 scimitar of flaming (weapon)
Missiles
 q - a curare-tipped dart {=f}
Armour
 j - a +0 pair of gloves (worn)
 l - a +1 cloak
 o - a +0 kite shield
 p - a +0 pair of boots (worn)
 s - a scarf of resistance (worn)
Jewellery
 e - a +4 ring of protection (right hand)
 g - an amulet of the acrobat (around neck)
 i - a +4 ring of evasion
 k - a ring of fire (left hand)
Wands
 t - a wand of digging (4)
 v - a wand of flame (25)
 x - a wand of iceblast (12)
Scrolls
 c - 4 scrolls of teleportation {unknown}
 f - 2 scrolls of enchant weapon
 h - a scroll of enchant armour
 n - 3 scrolls of amnesia
 Q - a scroll of immolation {!r!r}
 R - 3 scrolls of magic mapping {!r}
 X - 5 scrolls of fog
Potions
 A - 2 potions of ambrosia
 F - a potion of curing
 J - 2 potions of heal wounds
 K - a potion of magic
 L - a potion of lignification {!q}


   Skills:
 - Level 7.0 Fighting
 - Level 3.0 Dodging
 - Level 3.0 Stealth
 * Level 5.3 Shields
 - Level 6.0 Spellcasting
 + Level 6.2 Conjurations
 - Level 3.0 Hexes
 + Level 8.6 Fire Magic
 - Level 6.0 Invocations
 - Level 6.0 Evocations


You had 8 spell levels left.
You knew the following spells:

 Your Spells              Type           Power      Damage    Failure   Level
a - Foxfire               Conj/Fire      100%       2x1d9     1%          1
b - Scorch                Fire           100%       2d10      1%          2
c - Flame Wave            Conj/Fire      50%        3d10      5%          4
d - Conjure Flame         Conj/Fire      50%        6-21      1%          3
e - Inner Flame           Hex/Fire       41%        N/A       3%          3

Your spell library contained the following spells:

 Spells                   Type           Power      Damage    Failure   Level
 Static Discharge         Conj/Air       17%        N/A       4%          2
 Lightning Bolt           Conj/Air       8%         1d21      65%         5
 Maxwell's Capacitive Co  Air            2%         ∞         100%        8


Dungeon Overview and Level Annotations

Branches:
Dungeon (10/15)            Temple (1/1) D:6            Lair (0/6) D:8
    Orc (0/2) D:9

Altars:
Ashenzari
Cheibriados
Dithmenos
Elyvilon
Fedhas
Hepliaklqana
Kikubaaqudgha
Makhleb
Nemelex Xobeh
Okawaru
Qazlal
Ru
Sif Muna
Trog
Uskayaw
Vehumet
Wu Jian
Xom
Yredelemnul
Zin
The Shining One

Shops:
D:3 :   D:4 [=   D:6 [   D:8 (


Innate Abilities, Weirdness & Mutations

You can breathe bolts of dispelling energy.
Your rich purple scales are hard. (AC +7)
You cannot fit into any form of body armour.
You are cold-blooded and may be slowed by cold attacks.


Message History

Aim: a troll (lightly wounded, more vulnerable to fire, chance to affect: 90%)
You feel a surge of power!
The troll is filled with an inner flame.
The troll bites you! The troll claws you. The troll claws you!
* * * LOW HITPOINT WARNING * * *
Casting: Inner Flame (mildly dangerous; 3% risk of failure)
Confirm with . or Enter, or press ? or * to list all spells.
You feel a surge of power!
You conjure some foxfire!
The troll closely misses you.
The troll claws you but does no damage. x2
The troll bites you.
* * * LOW HITPOINT WARNING * * *
The troll claws you but does no damage. x2
The troll is no longer more vulnerable to fire.
The foxfire hits the troll.
Flame seeps out of the troll.
The troll is lightly wounded.
The foxfire hits the troll.
Flame seeps out of the troll.
The troll is moderately wounded.
The troll is engulfed in blazing flames.
Flame seeps out of the troll.
Casting: Foxfire (safe; 1% risk of failure)
Confirm with . or Enter, or press ? or * to list all spells.
You feel a surge of power!
You conjure some foxfire!
The troll misses you. The troll claws you but does no damage.
The troll claws you!
* * * LOW HITPOINT WARNING * * *
The troll bites you but does no damage. The troll barely misses you.
The troll claws you.
* * * LOW HITPOINT WARNING * * *
The foxfire hits the troll.
Flame seeps out of the troll.
The troll is heavily wounded.
The foxfire hits the troll.
Flame seeps out of the troll.
The troll is severely wounded.
The troll is engulfed in blazing flames.
Flame seeps out of the troll.
You hit the troll.
Flame seeps out of the troll.
You burn the troll. Sif Muna accepts your kill.
The troll explodes!
The fiery explosion engulfs you! You resist.
* * * LOW HITPOINT WARNING * * *
You are engulfed in blazing flames.
You resist.
You die...

#.########
#.........
#.#######.
#.........
#..#####..
#..####
#§§°..# .
#§○##......
#@.§......#
###########


There were no monsters in sight!

Vanquished Creatures
  Erica (D:8)
  A two-headed ogre (D:9)
  A cyclops (D:7)
  Maurice (D:8)
  Psyche (D:8)
  A komodo dragon (D:8)
  A troll (D:10)
  A hornet (D:8)
  Sigmund (D:3)
  A vampire (D:10)
  A wraith (D:10)
  Eustachio (D:5)
  A steam dragon (D:9)
  Grum (D:8)
  Edmund (D:5)
  An acid dragon (D:8)
  2 water moccasins
  Duvessa (D:5)
  6 orc warriors (D:9)
  3 wolves (D:8)
  A necrophage (D:5)
  3 centaurs
  A phantom (D:7)
  3 bullfrogs
  2 kobold brigands
  A gnoll sergeant (D:8)
  3 scorpions
  Dowan (D:5)
  8 killer bees
  3 howler monkeys
  8 wights
  A bullfrog zombie (D:6)
  2 centaur zombies
  A jelly (D:6)
  5 orc priests
  Crazy Yiuf (D:3)
  A centaur skeleton (D:3)
  2 hounds
  A bullfrog skeleton (D:7)
  Jessica (D:3)
  Ijyb (D:5)
  2 iguanas
  6 orc wizards
  A killer bee zombie (D:8)
  2 howler monkey zombies (D:9)
  2 adders
  11 gnolls
  2 ufetubi
  An adder skeleton (D:3)
  7 worms
  3 dart slugs
  23 orcs
  7 endoplasms
  A giant cockroach (D:2)
  7 goblins
  7 hobgoblins
  13 jackals
  12 kobolds
  3 quokkas
  11 ball pythons
  2 bats
  3 frilled lizards
  4 rats
208 creatures vanquished.

Vanquished Creatures (collateral kills)
  A foxfire (D:5)
1 creature vanquished.

Vanquished Creatures (others)
  246 foxfires
  6 plants
252 creatures vanquished.

Grand Total: 461 creatures vanquished

Notes
Turn   | Place    | Note
-------+----------+-------------------------------------------
     0 | D:1      | wakim the Draconian Fire Elementalist began the quest for
                  | the Orb.
     0 | D:1      | Reached XP level 1. HP: 14/14 MP: 3/3
   408 | D:1      | Reached XP level 2. HP: 20/20 MP: 1/5
   884 | D:2      | Upgraded the game from 0.28-a0-845-gfc338a8e3c to
                  | 0.28-a0-850-g09de17f5b5
   922 | D:2      | Learned a level 2 spell: Scorch
  1365 | D:2      | Reached XP level 3. HP: 26/26 MP: 1/6
  2073 | D:3      | Found Tucud's Book Shop.
  2238 | D:3      | Noticed Jessica
  2244 | D:3      | Killed Jessica
  2245 | D:3      | Reached XP level 4. HP: 33/33 MP: 2/7
  2458 | D:3      | Noticed Sigmund
  2553 | D:2      | Learned a level 3 spell: Conjure Flame
  2662 | D:3      | Reached skill level 4 in Fire Magic
  2828 | D:3      | Found a faded altar of an unknown god.
  3015 | D:3      | Killed Sigmund
  3016 | D:3      | Reached XP level 5. HP: 28/38 MP: 0/9
  3016 | D:3      | Reached XP level 6. HP: 33/45 MP: 0/10
  3465 | D:3      | Found a runed translucent door.
  3466 | D:3      | Noticed Crazy Yiuf
  3475 | D:3      | Killed Crazy Yiuf
  3974 | D:4      | Reached skill level 5 in Fire Magic
  4465 | D:4      | Reached skill level 1 in Fighting
  4465 | D:4      | Your scales start taking on a rich purple colour.
  4465 | D:4      | Reached XP level 7. HP: 46/52 MP: 10/13
  4549 | D:4      | Found Tonkap's Jewellery Shoppe.
  4566 | D:4      | Learned a level 4 spell: Flame Wave
  5190 | D:4      | Found Neapree's Armour Boutique.
  5624 | D:5      | Entered Level 5 of the Dungeon
  5629 | D:5      | Learned a level 3 spell: Inner Flame
  5642 | D:5      | Noticed Ijyb
  5818 | D:5      | Reached skill level 1 in Hexes
  5909 | D:5      | Reached XP level 8. HP: 52/62 MP: 10/15
  6022 | D:5      | Noticed Edmund
  6083 | D:5      | Killed Edmund
  6084 | D:5      | Reached skill level 5 in Spellcasting
  6221 | D:5      | Reached skill level 6 in Fire Magic
  6288 | D:5      | Noticed Eustachio
  6298 | D:5      | Killed Eustachio
  6299 | D:5      | Reached skill level 5 in Conjurations
  6612 | D:5      | Noticed Duvessa
  6626 | D:5      | Killed Duvessa
  6635 | D:5      | Noticed Dowan
  6645 | D:5      | Killed Dowan
  7013 | D:5      | Killed Ijyb
  7251 | D:6      | Found Molabiwo's Armour Boutique.
  7258 | D:6      | Bought a +0 pair of boots for 58 gold pieces
  7484 | D:6      | Identified the +4 spear "Orb Guardian's Doom" {venom,
                  | Dex+3}
  7649 | D:6      | Found a staircase to the Ecumenical Temple.
  8096 | Temple   | Entered the Ecumenical Temple
  8268 | Temple   | Became a worshipper of Sif Muna the Loreminder
  8382 | D:7      | Reached skill level 5 in Fighting
  8382 | D:7      | Reached XP level 9. HP: 74/74 MP: 10/18
  8450 | D:7      | Noticed a cyclops
  8466 | D:7      | Reached skill level 1 in Invocations
  8466 | D:7      | Reached skill level 1 in Evocations
  8486 | D:7      | Killed a cyclops
  9522 | D:7      | Found a snail-covered altar of Cheibriados.
  9641 | D:8      | Noticed Maurice
  9647 | D:8      | Killed Maurice
  9648 | D:8      | Reached skill level 7 in Fire Magic
  9670 | D:8      | Noticed Psyche
  9747 | D:8      | Killed Psyche
  9859 | D:8      | Reached * piety under Sif Muna
  9895 | D:7      | Reached XP level 10. HP: 64/80 MP: 4/19
 10341 | D:8      | Found Militicw's Weapon Emporium.
 10413 | D:8      | Found a staircase to the Lair.
 10698 | D:8      | Found a stormy altar of Qazlal.
 10864 | D:8      | Noticed Grum
 10870 | D:8      | Killed Grum
 10871 | D:8      | Reached skill level 1 in Shields
 10871 | D:8      | Reached skill level 5 in Invocations
 10871 | D:8      | Reached skill level 5 in Evocations
 11189 | D:8      | Noticed Erica
 11199 | D:8      | Killed Erica
 11200 | D:8      | Reached skill level 8 in Fire Magic
 11364 | D:8      | Found a bloodstained altar of Trog.
 11370 | D:8      | Found a shadowy altar of Dithmenos.
 11373 | D:8      | Found a radiant altar of Vehumet.
 11434 | D:9      | Noticed a two-headed ogre
 11439 | D:9      | Killed a two-headed ogre
 11517 | D:9      | Reached ** piety under Sif Muna
 12154 | D:9      | Reached skill level 5 in Shields
 12175 | D:9      | Found a staircase to the Orcish Mines.
 12562 | D:10     | Entered Level 10 of the Dungeon
 12737 | D:10     | Engulfed by a cloud of flame

Illustrated notes

Levels and vault maps discovered:
D:1:      dpeg_arrival_long_road, layout_rooms
D:2:      layout_basic
D:3:      layout_rooms, serial_shops, shop_statue,
          hellmonk_ecumenical_altar_dog_temple, minmay_close_crescents,
          uniq_jessica, uniq_sigmund, uniq_crazy_yiuf_cottage
D:4:      layout_cave_pods, serial_shops, nicolae_diamond_shop,
          minmay_shop_enchanted_jewellery, kennysheep_nub
D:5:      layout_cave_pods, kennysheep_boxes, uniq_edmund, uniq_duvessa,
          uniq_eustachio, uniq_ijyb
D:6:      layout_gridville, minmay_temple_entry_ruins, serial_shops, shop
D:7:      layout_loops_ring, slow_altar_2
D:8:      layout_basic, nicolae_qazlal_style_of_elements,
          minmay_overflow_temple_star_quad, david_lair_shrubbed,
          nicolae_stop_n_shop_2, uniq_grum, uniq_maurice, uniq_erica,
          uniq_psyche
D:9:      layout_cave_pools, orc_david_3
D:10:     layout_loops_corners, mainiacjoe_overflow_24_doors, dk_noncrumbling_4,
          kennysheep_decorative_pillar, chequers_decorated_corner
Temple:   eino_temple_scatter_basement

Skill      XL: |  1  2  3  4  5  6  7  8  9 10 |
---------------+-------------------------------+-----
Stealth        | 2 3 |  3.0
Conjurations   | 2 3 4 6 |  6.2
Fire Magic     | 4 5 6 7 8 |  8.6
Spellcasting   | 3 4 6 |  6.0
Dodging        | 2 3 |  3.0
Fighting       | 1 2 5 6 7 |  7.0
Hexes          | 1 3 |  3.0
Invocations    | 4 6 |  6.0
Evocations     | 4 6 |  6.0
Shields        | 5 |  5.3

Action                   |  1- 3 |  4- 6 |  7- 9 | 10-12 || total
-------------------------+-------+-------+-------+-------++-------
Melee: Dagger            |    11 |       |       |       ||    11
       Tailslap          |     2 |     5 |     5 |     3 ||    15
       Unarmed           |     2 |       |       |       ||     2
       Short sword       |    12 |    16 |       |       ||    28
       Long sword        |       |    15 |    17 |       ||    32
       Spear             |       |       |    15 |     9 ||    24
       Scimitar          |       |       |       |    29 ||    29
 Cast: Foxfire           |    49 |    18 |    50 |    32 ||   149
       Scorch            |    17 |    61 |    50 |    32 ||   160
       Conjure Flame     |       |     3 |       |       ||     3
       Flame Wave        |       |       |    20 |    13 ||    33
       Inner Flame       |       |       |    14 |    11 ||    25
 Abil: Breathe Dispellin |       |       |     1 |     1 ||     2
Evoke: Wand              |       |     7 |     5 |       ||    12
  Use: Scroll            |       |       |     7 |     5 ||    12
 Stab: Sleeping          |       |       |     1 |       ||     1
       Distracted        |       |       |     1 |       ||     1
Armor: Skin              |    11 |    26 |    24 |    29 ||    90
Dodge: Dodged            |    25 |    84 |   102 |    88 ||   299

Table legend: (Time is in decaauts)
 A = Elapsed time spent in this place.
 B = Non-inter-level travel time spent in this place.
 C = Inter-level travel time spent in this place.
 D = Time resting spent in this place.
 E = Time spent auto-exploring this place.
 F = Levels seen in this place.
 G = Mean time per level.
                   A        B        C        D        E       F      G
               +--------+--------+--------+--------+--------+-----+--------+
         Total |  12783 |  12357 |    426 |   1756 |   8671 |  11 | 1162.1 |
       Dungeon |  12598 |  12208 |    390 |   1756 |   8538 |  10 | 1259.8 |
        Temple |    185 |    149 |     36 |      0 |    133 |   1 |  185.0 |
               +--------+--------+--------+--------+--------+-----+--------+

Top non-repeatable levels by time:
     D:8: 1852 daAuts
     D:4: 1744 daAuts
     D:2: 1648 daAuts
     D:5: 1612 daAuts
     D:3: 1519 daAuts
     D:7: 1304 daAuts
     D:9: 1070 daAuts
     D:6: 928 daAuts
     D:1: 734 daAuts
  Temple: 185 daAuts
    D:10: 185 daAuts
